 Dungeon Crawl Stone Soup version 0.30-a0-743-gbfdf073 (webtiles) character file.

Game seed: 11646507062494981892

10935 Illumine the Severer (level 11, -1/70 HPs)
             Began as a Hill Orc Chaos Knight on Feb 7, 2023.
             Was a Plaything of Xom.
             Slain by a death yak (18 damage)
             ... on level 10 of the Dungeon on Feb 8, 2023.
             The game lasted 00:18:18 (9611 turns).

Illumine the Severer (Hill Orc Chaos Knight)        Turns: 9611, Time: 00:18:19

Health: -1/70      AC: 27    Str: 18    XL:     11   Next: 69%
Magic:  11/11      EV: 11    Int: 12    God:    Xom [..*...]
Gold:   1002       SH:  0    Dex: 10    Spells: 10/10 levels left

rFire   + . .      SeeInvis .    d - +2 broad axe (heavy)
rCold   . . .      Faith    .    (no shield)
rNeg    . . .      Spirit   .    X - +1 plate armour {rF+}
rPois   .          Reflect  .    (no helmet)
rElec   .          Harm     .    A - +2 cloak {rCorr}
rCorr   +          Rampage  .    q - +0 pair of gloves
Will    .....                    S - +0 pair of boots Stlth
                                 (no amulet)
HPRegen 0.31/turn                f - +5 ring of evasion
MPRegen 0.12/turn                T - +4 ring of slaying

@: no status effects
A: iridescent scales 3, frail 3, weak 1, MP-powered wands
a: Renounce Religion


You were on level 10 of the Dungeon.
You worshipped Xom.
You were a toy of Xom.
You visited 1 branch of the dungeon, and saw 10 of its levels.
You also visited: Sewer and Ossuary.

You collected 1122 gold pieces.
You spent 120 gold pieces at shops.

Inventory:

Hand Weapons
 a - a +0 hand axe of chaos
 d - a +2 heavy broad axe (weapon)
 w - a +0 war axe
 J - a +3 battleaxe of chaos
 V - the +0 mace of Rykur {venom, rC++ Str+2 Dex-5 Stlth+}
   (You found it on level 9 of the Dungeon)

   Str:       It affects your strength (+2).
   Dex:       It affects your dexterity (-5).
   rC:        It greatly protects you from cold.
   Stlth:     It makes you more stealthy.
Missiles
 k - 2 throwing nets
 r - 27 poisoned darts
 K - 2 javelins
 Y - 2 silver boomerangs
Armour
 b - a +2 leather armour
 q - a +0 pair of gloves (worn)
 A - a +2 cloak of preservation (worn)
 P - a +3 scale mail
 S - a +0 pair of boots (worn)
 X - a +1 plate armour of fire resistance (worn)
Jewellery
 f - a +5 ring of evasion (left hand)
 n - a ring of poison resistance
 E - a ring of protection from cold
 L - a ring of resist corrosion
 R - a +6 ring of dexterity
 T - a +4 ring of slaying (right hand)
Wands
 x - a wand of mindburst (10)
 D - a wand of polymorph (20)
 H - a wand of light (11)
 I - a wand of flame (13)
 U - a wand of iceblast (11)
Scrolls
 e - a scroll of enchant armour {unknown}
 g - a scroll of vulnerability {unknown}
 j - 5 scrolls of poison
 l - 6 scrolls of blinking
 p - a scroll of torment
 t - a scroll of amnesia {unknown}
 u - 10 scrolls of teleportation
 v - 2 scrolls of magic mapping {unknown}
 y - 3 scrolls of fear
 G - a scroll of enchant weapon {unknown}
 Q - a scroll of butterflies {unknown}
 W - a scroll of identify
Potions
 h - a potion of might {unknown}
 i - 2 potions of invisibility {unknown}
 m - 5 potions of curing
 o - a potion of degeneration {unknown}
 z - 2 potions of flight {unknown}
 B - 2 potions of brilliance {unknown}
 C - 2 potions of lignification
 F - a potion of attraction {unknown}
 M - 6 potions of heal wounds
 N - a potion of ambrosia {unknown}
 O - 2 potions of berserk rage {unknown}
Miscellaneous
 c - a piece from Xom's chessboard (11/15) (quivered)


   Skills:
 + Level 10.9 Fighting
 * Level 16.0 Axes
 + Level 2.0 Throwing
 + Level 9.7 Armour
 - Level 1.3 Dodging
 - Level 5.0 Evocations


You had 10 spell levels left.
You didn't know any spells.
Your spell library contained the following spells:

 Spells                   Type           Power      Damage    Failure   Level
 Freeze                   Ice            0%         1d3       100%        1
 Shock                    Conj/Air       0%         1d3       100%        1
 Scorch                   Fire           0%         2d5       100%        2
 Frozen Ramparts          Ice            0%         1d1       100%        3
 Hailstorm                Conj/Ice       0%         3d3       100%        3
 Swiftness                Air            0%         N/A       100%        3
 Tukima's Dance           Hex            0%         N/A       100%        3
 Airstrike                Air            0%         2d(0-16)  100%        4
 Flame Wave               Conj/Fire      0%         2d4       100%        4
 Passage of Golubria      Tloc           0%         N/A       100%        4
 Yara's Violent Unravell  Hex/Tmut       0%         3d3       100%        5
 Summon Cactus Giant      Summ           0%         N/A       100%        6


Dungeon Overview and Level Annotations

Branches:
Dungeon (10/15)            Temple (0/1) D:7             Orc (0/2) D:9
  Sewer (visited)         Ossuary (visited)
   Lair: D:8-11

Altars:
Fedhas
Vehumet
Xom

Shops:
D:8 !   D:9 =:

Annotations:
D:4 2 transporters, Stephen2Aus's ghost, amateur GnHW
D:8 Maurice


Innate Abilities, Weirdness & Mutations

You are completely covered in iridescent scales. (AC +6)
You are extremely frail. (-30% HP)
You are weak. (Str -2)
You expend magic power (3 MP) to strengthen your wands.


Message History

You cannot move.
You start resting.
You feel less wooden.
Your +2 cloak of preservation unmelds from your body.
Your +0 pair of gloves unmelds from your body.
Your +0 pair of boots unmelds from your body.
Your +1 plate armour of fire resistance unmelds from your body.
You feel resistant to fire.
HP restored.
M - 6 potions of heal wounds (gained 1)
Items here: ( )) [ †.
A death yak comes into view.
The death yak bellows!
You hear a bellow!
A death yak comes into view.
Items here: ( )) [ †.
Non-targeted evoke: piece from Xom's chessboard (12/15)
Press: ? - help, Q - select action, (/) - cycle Dir - look around, f - activate You make a move on Xom's chessboard...
The death yak resists with almost no effort.
You slash the death yak!
The death yak is lightly wounded.
The death yak gores you but does no damage.
You barely miss the death yak.
The death yak is lightly wounded.
The death yak completely misses you.
You slice the death yak!!
The death yak is moderately wounded.
The death yak gores you!!
You barely miss the death yak.
The death yak is moderately wounded.
The death yak gores you.
You slash the death yak!
The death yak is heavily wounded.
The death yak gores you! The death yak gores you!!
* * * LOW HITPOINT WARNING * * *
You slice the death yak!!
The death yak is severely wounded.
The death yak gores you!!
You die...
Xom bursts into laughter!

#..>......##..<..
+.........##.....
#.........#######
######'#### # . ##.#
#### #. ##..# ##...
##.###### ###..#####
.....
........######.)........
#...
...........Y@....#######
#... ........#######.##
#... ........# #.# #...
........### #.# #...
..........## #.# #...
##.######..# #.# #### #.
#.....#.# ##.. #
......#'# #..# .......#
###'##


You could see a death yak.

Vanquished Creatures
  A boulder beetle (D:9)
  A death yak (D:10)
  Lodul (D:10)
  Pikel (D:8)
  Joseph (D:10)
  Psyche (D:8)
  A troll (shapeshifter) (D:4)
  3 trolls
  4 hornets
  Sigmund (D:2)
  A wyvern (D:7)
  11 yaks
  Grum (D:9)
  An acid dragon (D:9)
  A water moccasin (D:6)
  6 orc warriors (D:9)
  8 ogres
  2 wolves (D:9)
  4 centaurs
  3 kobold brigands (D:9)
  3 gnoll sergeants
  2 necrophages
  4 bullfrogs
  2 scorpions
  8 wights
  3 killer bees (D:9)
  5 hounds
  2 jellies
  Crazy Yiuf (D:5)
  An orc priest (D:10)
  A gnoll bouda (D:7)
  5 iguanas
  Ijyb (D:3)
  6 orc wizards
  8 mummies (Ossuary)
  16 gnolls
  9 adders
  A river rat (D:6)
  A shadow imp (D:6)
  An ufetubus (D:5)
  4 worms
  3 dart slugs
  35 orcs
  9 ball pythons
  10 bats
  7 endoplasms
  12 giant cockroaches
  A gnoll zombie (Ossuary)
  8 goblins
  4 hobgoblins
  2 jackals (D:3)
  8 quokkas
  10 frilled lizards
  4 hobgoblin zombies (Ossuary)
  5 kobolds
  A kobold zombie (Ossuary)
  2 orc zombies (Ossuary)
  6 rats
264 creatures vanquished.

Vanquished Creatures (collateral kills)
  An endoplasm (D:1)
  A frilled lizard (D:1)
2 creatures vanquished.

Vanquished Creatures (others)
  A hornet (D:5)
  An ice beast (D:7)
  An orc zombie (D:3)
3 creatures vanquished.

Grand Total: 269 creatures vanquished

Notes
Turn   | Place    | Note
-------+----------+-------------------------------------------
     0 | D:1      | Illumine the Hill Orc Chaos Knight began the quest for the
                  | Orb.
     0 | D:1      | Reached XP level 1. HP: 19/19 MP: 1/1
    97 | D:1      | XOM: silly message
   148 | D:1      | Reached skill level 1 in Dodging
   148 | D:1      | Reached XP level 2. HP: 21/27 MP: 2/2
   609 | D:1      | Reached XP level 3. HP: 33/33 MP: 3/3
   738 | D:1      | XOM: silly message
   994 | D:2      | Reached skill level 5 in Axes
  1271 | D:2      | Noticed Sigmund
  1276 | D:2      | XOM: noise
  1284 | D:2      | Killed Sigmund
  1285 | D:2      | Reached skill level 6 in Axes
  1285 | D:2      | Reached XP level 4. HP: 24/41 MP: 4/4
  1285 | D:2      | Reached XP level 5. HP: 27/47 MP: 5/5
  1556 | D:3      | XOM: draining
  1595 | D:3      | XOM: blink monster(s)
  1598 | D:3      | Reached XP level 6. HP: 38/50 MP: 6/6
  1674 | D:3      | Noticed Ijyb
  1682 | D:3      | Reached skill level 5 in Fighting
  1688 | D:3      | Gained mutation: You sometimes lose your temper in combat.
                  | [potion of mutation]
  1688 | D:3      | Gained mutation: You are frail. (-10% HP) [potion of
                  | mutation]
  1688 | D:3      | Gained mutation: You have hidden genetic potential. [potion
                  | of mutation]
  1688 | D:3      | Gained mutation: You have a pair of small horns on your
                  | head. [potion of mutation]
  1694 | D:3      | Killed Ijyb
  1698 | D:3      | Reached skill level 7 in Axes
  1929 | D:3      | XOM: give mutations
  1929 | D:3      | Gained mutation: You occasionally shout uncontrollably at
                  | your foes. [Xom's mischief]
  1929 | D:3      | Gained mutation: Your body sometimes deteriorates upon
                  | taking damage. [Xom's mischief]
  1929 | D:3      | Lost mutation: You sometimes lose your temper in combat.
                  | [Xom's mischief]
  2136 | D:3      | XOM: give mutation
  2136 | D:3      | Gained mutation: You are very frail. (-20% HP) [Xom's
                  | mischief]
  2352 | D:4      | Reached XP level 7. HP: 48/48 MP: 7/7
  2360 | D:5      | Entered Level 5 of the Dungeon
  2366 | D:5      | XOM: give mutations
  2366 | D:5      | Gained mutation: You have an increased reservoir of magic.
                  | (+10% MP) [Xom's grace]
  2366 | D:5      | Gained mutation: You are partially covered in iridescent
                  | scales. (AC +2) [Xom's grace]
  2366 | D:5      | Gained mutation: You are agile. (Dex +4, Str/Int -1) [Xom's
                  | grace]
  2462 | D:5      | XOM: god gift: +2 cloak of preservation
  2493 | D:5      | Gained mutation: Your system is resistant to poisons.
                  | (rPois) [hidden potential]
  2559 | D:4      | an orc changed into a shapeshifter
  2559 | D:4      | Noticed a shapeshifter (shapeshifter)
  2559 | D:4      | a shapeshifter changed into a troll
  2559 | D:4      | Noticed a troll (shapeshifter)
  2567 | D:4      | XOM: polymorph gnoll -> giant cockroach
  2569 | D:4      | Killed a troll
  2570 | D:4      | Reached skill level 8 in Axes
  2880 | D:4      | XOM: god gift: scroll labelled QIEMPI CIJUHO {god gift}
  2896 | D:4      | XOM: summons 1 hostile demon
  2903 | D:4      | Found a glowing drain.
  2907 | Sewer    | Entered a sewer
  2933 | Sewer    | Reached skill level 5 in Armour
  3000 | Sewer    | XOM: 2-stop teleportation journey
  3042 | Sewer    | Reached skill level 9 in Axes
  3064 | Sewer    | Reached XP level 8. HP: 56/56 MP: 8/8
  3102 | Sewer    | Gained mutation: You passively dampen the noise of your
                  | surroundings. [hidden potential]
  3102 | Sewer    | Lost mutation: You have hidden genetic potential. [hidden
                  | potential expressed]
  3118 | Sewer    | XOM: summons 1 hostile shadow creature
  3166 | Sewer    | XOM: 8-stop teleportation journey
  3348 | Sewer    | XOM: noise
  3611 | D:4      | Found a transporter.
  3655 | D:4      | XOM: summons 2 hostile shadow creatures
  3668 | D:4      | XOM: give mutation
  3668 | D:4      | Lost mutation: Your body sometimes deteriorates upon taking
                  | damage. [Xom's mischief]
  3704 | D:4      | Found a transporter.
  3705 | D:4      | Noticed Stephen2Aus's ghost (amateur GnHW)
  4004 | D:5      | XOM: smoke on damage
  4033 | D:5      | You fall into a shaft and drop 1 floor!
  4179 | D:5      | XOM: destruction
  4184 | D:5      | XOM: destruction
  4368 | D:5      | Noticed a hornet
  4372 | D:5      | Killed a hornet
  4372 | D:5      | XOM: divine lightning
  4508 | D:5      | Reached skill level 10 in Axes
  4676 | D:5      | XOM: scenery: create altars
  4680 | D:5      | Found a runed translucent door.
  4681 | D:5      | Noticed Crazy Yiuf
  4763 | D:5      | Killed Crazy Yiuf
  4910 | D:6      | XOM: confuse monster(s)
  5064 | D:6      | Found a radiant altar of Vehumet.
  5177 | D:6      | XOM: give mutations
  5177 | D:6      | Gained mutation: Your mind is acute. (Int +4, Str/Dex -1)
                  | [Xom's grace]
  5177 | D:6      | Gained mutation: You have hidden genetic potential. [Xom's
                  | grace]
  5177 | D:6      | Gained mutation: You are very agile. (Dex +8, Str/Int -2)
                  | [Xom's grace]
  5179 | D:6      | XOM: god gift: +3 battleaxe of chaos
  5240 | D:6      | XOM: god gift: 2 javelins
  5313 | D:6      | Identified the +1 rapier of Contention {heavy, rElec rC+}
  5414 | D:6      | Reached skill level 1 in Evocations
  5425 | D:6      | Reached XP level 9. HP: 38/63 MP: 9/9
  5510 | D:6      | XOM: confuse monster(s)
  5787 | D:6      | XOM: god gift: 55 gold pieces
  5791 | D:6      | Reached skill level 11 in Axes
  5879 | D:6      | XOM: god gift: scroll of blinking
  6157 | D:7      | Identified a scroll of acquirement
  6169 | D:7      | XOM: divine lightning
  6171 | D:7      | Acquired a +2 heavy broad axe
  6296 | D:7      | XOM: summons friendly quasit
  6363 | D:7      | Found a staircase to the Ecumenical Temple.
  6426 | D:7      | Found a sand-covered staircase.
  6434 | Ossuary  | Entered an ossuary
  6500 | Ossuary  | Gained mutation: You are mostly covered in iridescent
                  | scales. (AC +4) [hidden potential]
  6636 | D:7      | XOM: 4-stop teleportation journey
  6670 | D:7      | XOM: 1-stop teleportation journey
  6960 | D:7      | XOM: 1-stop teleportation journey
  6985 | D:7      | Reached skill level 12 in Axes
  6991 | D:7      | XOM: scenery: summon butterflies
  7058 | D:7      | Found a blossoming altar of Fedhas.
  7520 | D:8      | Noticed a hornet
  7526 | D:8      | Killed a hornet
  7563 | D:8      | Noticed Pikel
  7573 | D:8      | Killed Pikel
  7574 | D:8      | Reached XP level 10. HP: 72/72 MP: 11/11
  7663 | D:8      | Found Tugh's Distillery.
  7673 | D:8      | Bought a potion of curing for 45 gold pieces
  7673 | D:8      | Bought a potion of heal wounds for 75 gold pieces
  7704 | D:8      | Noticed Psyche
  7714 | D:8      | Killed Psyche
  7715 | D:8      | Reached skill level 13 in Axes
  7735 | D:8      | XOM: fake destruction
  7737 | D:8      | XOM: cleaving
  7744 | D:8      | XOM: stat loss: -1 Str (16/17)
  7748 | D:8      | Gained mutation: You are completely covered in iridescent
                  | scales. (AC +6) [hidden potential]
  7748 | D:8      | Lost mutation: You have hidden genetic potential. [hidden
                  | potential expressed]
  7942 | D:8      | Noticed Maurice
  7945 | D:8      | XOM: chaos upgrade
  7999 | D:9      | XOM: fog
  8079 | D:9      | Found Wieggael's Book Shop.
  8080 | D:9      | XOM: 4-stop teleportation journey
  8085 | D:9      | XOM: 1-stop teleportation journey
  8128 | D:9      | Identified the +0 mace of Rykur {venom, rC++ Str+2 Dex-5
                  | Stlth+}
  8163 | D:9      | Reached skill level 14 in Axes
  8163 | D:9      | Reached skill level 5 in Evocations
  8254 | D:9      | Identified the +1 leather armour "Cial" {+Blink Dex+4
                  | Stlth-}
  8255 | D:9      | Noticed Grum
  8262 | D:9      | XOM: summons 4 hostile demons
  8267 | D:9      | Killed Grum
  8268 | D:9      | Reached XP level 11. HP: 37/79 MP: 12/12
  8270 | D:9      | Reached skill level 10 in Fighting
  8612 | D:9      | Noticed a boulder beetle
  8647 | D:9      | Killed a boulder beetle
  8648 | D:9      | Reached skill level 15 in Axes
  8658 | D:9      | XOM is BORED!
  8658 | D:9      | XOM: noise
  8701 | D:9      | Found Ziba's Jewellery Emporium.
  8803 | D:9      | Found a staircase to the Orcish Mines.
  8821 | D:9      | XOM: silly message
  9007 | D:10     | Entered Level 10 of the Dungeon
  9013 | D:10     | Noticed Lodul
  9018 | D:10     | XOM: potion effect (berserk rage)
  9032 | D:10     | XOM: confuse monster(s)
  9034 | D:10     | Killed Lodul
  9035 | D:10     | Reached skill level 1 in Throwing
  9072 | D:10     | XOM: divination: magic mapping
  9242 | D:10     | Lost mutation: You have an increased reservoir of magic.
                  | (+10% MP) [potion of mutation]
  9242 | D:10     | Lost mutation: You occasionally shout uncontrollably at
                  | your foes. [potion of mutation]
  9242 | D:10     | Gained mutation: You are weak. (Str -2) [potion of
                  | mutation]
  9242 | D:10     | Gained mutation: You expend magic power (3 MP) to
                  | strengthen your wands. [potion of mutation]
  9243 | D:10     | Lost mutation: You passively dampen the noise of your
                  | surroundings. [potion of mutation]
  9243 | D:10     | Lost mutation: Your mind is acute. (Int +4, Str/Dex -1)
                  | [potion of mutation]
  9243 | D:10     | Gained mutation: You are extremely frail. (-30% HP) [potion
                  | of mutation]
  9278 | D:10     | Lost mutation: You have a pair of small horns on your head.
                  | [potion of mutation]
  9278 | D:10     | Lost mutation: You are very agile. (Dex +8, Str/Int -2)
                  | [potion of mutation]
  9278 | D:10     | Lost mutation: Your system is resistant to poisons. (rPois)
                  | [potion of mutation]
  9278 | D:10     | Lost mutation: You are agile. (Dex +4, Str/Int -1) [potion
                  | of mutation]
  9287 | D:10     | Noticed Joseph
  9296 | D:10     | Killed Joseph
  9404 | D:10     | Noticed a death yak
  9425 | D:10     | Killed a death yak
  9426 | D:10     | Reached skill level 16 in Axes
  9591 | D:10     | Noticed a death yak
  9591 | D:10     | Noticed a death yak
  9611 | D:10     | Slain by a death yak

Illustrated notes

Levels and vault maps discovered:
D:1:      dpeg_arrival_windows_large_door, layout_loops_ring
D:2:      layout_basic, minmay_tetromino_s4, uniq_sigmund
D:3:      layout_rooms, kennysheep_doodads, chequers_serial_rivers_room_b,
          uniq_ijyb
D:4:      layout_rooms, gup_sewer_entry_spiral, gammafunk_ghost_mausoleum
D:5:      layout_basic, uniq_crazy_yiuf_cottage
D:6:      layout_layer_cave, vehumet_altar_wand_db
D:7:      layout_layer_cave, fedhas_bush_and_centaur_altar, temple_hall,
          enter_ossuary_2
D:8:      layout_rooms, zin_statuary, riverfiend_overflow_shadow_ancestor,
          serial_shops, shop, uniq_pikel, uniq_maurice, uniq_psyche
D:9:      layout_stronghold, kennysheep_orc_monster_closet_entryway,
          serial_shops, nicolae_stop_n_shop_1, nicolae_stop_n_shop_1,
          st_stairs_8, nicolae_concentric_dashed_squares_wild,
          nicolae_elevator_lobby_plus, uniq_grum
D:10:     layout_roguey, dpeg_lair_monsters, uniq_lodul, uniq_joseph

Skill      XL: |  1  2  3  4  5  6  7  8  9 10 11 |
---------------+----------------------------------+-----
Dodging        | 1 |  1.3
Fighting       | 4 5 6 7 8 9 10 | 10.9
Axes           | 6 7 9 10 12 14 16 | 16.0
Armour         | 3 4 5 6 7 8 9 |  9.7
Evocations     | 1 3 5 |  5.0
Throwing       | 2 |  2.0

Action                     |  1- 3 |  4- 6 |  7- 9 | 10-12 || total
---------------------------+-------+-------+-------+-------++-------
  Melee: Hand axe          |    84 |    95 |   308 |       ||   487
         Punch             |     2 |     1 |     3 |     2 ||     8
         Headbutt          |       |    11 |    87 |    29 ||   127
         War axe           |       |    10 |       |       ||    10
         Battleaxe         |       |       |    17 |       ||    17
         Broad axe         |       |       |    67 |   157 ||   224
  Evoke: Piece from Xom's  |       |       |     5 |     7 ||    12
         Wand              |       |       |       |     9 ||     9
    Use: Potion            |       |     1 |     1 |     4 ||     6
         Scroll            |       |       |     8 |       ||     8
   Stab: Paralysed         |     1 |       |     1 |       ||     2
         Confused          |       |       |     1 |       ||     1
         Invisible         |       |       |       |     3 ||     3
 Armour: Leather armour    |    19 |       |       |       ||    19
         Plate armour      |     3 |    47 |   199 |    19 ||   268
         Scale mail        |       |       |    21 |    74 ||    95
         Skin              |       |       |       |     6 ||     6
  Dodge: Dodged            |    61 |    54 |   234 |   107 ||   456

Table legend: (Time is in decaauts)
 A = Elapsed time spent in this place.
 B = Non-inter-level travel time spent in this place.
 C = Inter-level travel time spent in this place.
 D = Time resting spent in this place.
 E = Time spent auto-exploring this place.
 F = Levels seen in this place.
 G = Mean time per level.
                   A        B        C        D        E       F      G
               +--------+--------+--------+--------+--------+-----+--------+
         Total |   9813 |   9610 |    203 |    705 |   6396 |  12 |  817.8 |
       Dungeon |   8865 |   8662 |    203 |    690 |   5963 |  10 |  886.5 |
         Sewer |    740 |    740 |      0 |     15 |    346 |   1 |  740.0 |
       Ossuary |    207 |    207 |      0 |      0 |     87 |   1 |  207.0 |
               +--------+--------+--------+--------+--------+-----+--------+

Top non-repeatable levels by time:
     D:6: 1353 daAuts
     D:7: 1183 daAuts
     D:5: 1112 daAuts
     D:9: 1079 daAuts
     D:2: 790 daAuts
     D:3: 781 daAuts
     D:1: 755 daAuts
   Sewer: 740 daAuts
     D:4: 730 daAuts
    D:10: 619 daAuts
     D:8: 458 daAuts
 Ossuary: 207 daAuts
